Map: Prion Terraces

Players

printf - Winner!

  • Race: Protoss Protoss
  • League: Grandmaster
  • Spawn Location: 11:00

meeK

  • Race: Protoss Protoss
  • League: Master
  • Spawn Location: 5:00

VOD

Have the link to the VOD?

Description

meeK vs printf

Time

  • Played on: March 12, 2016, 11:39 a.m.
  • Length: 4:18
Show
View Real Time Build Order
Export as new Build Order

printf Protoss - Winner!

Build Orders: Cannon Rush 

Get SALT Encoding   

  12  0:01  Probe (Chrono Boost)  
  13  0:11  Probe (Chrono Boost)  
  14  0:19  Pylon  
  14  0:22  Probe (Chrono Boost)  
  15  0:37  Probe (Chrono Boost)  
  15  0:38  Forge  
  16  0:59  Pylon  
  16  1:22  Pylon  
  16  1:23  Photon Cannon  
  16  1:45  Photon Cannon  
  16  1:46  Photon Cannon  
  16  1:49  Photon Cannon  
  16  2:00  Photon Cannon  
  16  2:02  Pylon  
  16  2:08  Probe (Chrono Boost)  
  17  2:24  Probe (Chrono Boost)  
  17  2:28  Gateway  
  17  2:29  Assimilator  
  18  2:35  Probe (Chrono Boost)  
  18  2:47  Photon Cannon  
  9  3:41  Photon Cannon  
  9  3:56  Pylon  
Show
View Real Time Build Order
Export as new Build Order

meeK Protoss 

Build Orders:  

Get SALT Encoding   

  12  0:01  Probe (Chrono Boost)  
  13  0:12  Probe (Chrono Boost)  
  14  0:20  Pylon  
  14  0:23  Probe (Chrono Boost)  
  15  0:34  Pylon  
  15  0:38  Probe (Chrono Boost)  
  16  0:47  Forge  
  16  0:57  Gateway  
  16  1:12  Gateway  
  16  1:22  Photon Cannon  
  16  1:46  Photon Cannon  
  16  1:49  Pylon  
  16  1:53  Zealot (Chrono Boost)  
  16  2:03  Zealot (Chrono Boost)  
  18  2:15  Photon Cannon  
  18  2:22  Zealot (Chrono Boost)  
  20  2:27  Zealot (Chrono Boost)  
  22  2:52  Zealot (Chrono Boost)  
  22  2:56  Zealot (Chrono Boost)  
  22  3:19  Zealot (Chrono Boost)  
  24  3:23  Zealot (Chrono Boost)  
  14  3:46  Zealot (Chrono Boost)  
Tags
 
Add a new tag
Caveats
  • Supply blocks, unpowered buildings, or Contaminate may cause inaccurate times.
  • Supply counts are checked every 10 seconds.